[Event "Titled Tuesday Blitz August 16 Early 2022"]
[White "Samunenkov, Ihor"]
[Black "Sirosh, Ilja"]
[WhiteFideId "14187086"]
[BlackFideId "4500458"]
[WhiteElo "2441"]
[BlackElo "2255"]
[Result "1/2-1/2"]
[Round "06"]
[TimeControl "180+1"]
[Date "2022.08.16"]
[WhiteClock "0:00:09"]
[BlackClock "0:00:04"]

1. d4 Nf6 2. c4 g6 3. Nf3 Bg7 4. g3 O-O 5. Bg2 d6 6. O-O c5 7. dxc5 dxc5 8. Nc3 Nc6 9. Bf4 Nh5 10. Be3 b6 11. Qc1 Bb7 12. Rd1 Qe8 13. Bh6 Rd8 14. Nd5 e6 15. Bxg7 Kxg7 16. Qc3+ f6 17. Ne3 Qe7 18. Nc2 Kf7 19. e3 Ng7 20. g4 h6 21. h3 e5 22. Nd2 Nb8 23. Ne4 Ne6 24. Ng3 Bxg2 25. Kxg2 Qb7+ 26. f3 Ng5 27. Rf1 h5 28. h4 Ne6 29. gxh5 gxh5 30. Rad1 Rxd1 31. Rxd1 Rg8 32. Kf2 Ng7 33. Qd3 Qe7 34. Qd5+ Qe6 35. e4 Nc6 36. Ne3 Nd4 37. Rg1 Nc6 38. b3 Rd8 39. Qxe6+ Nxe6 40. Nd5 Rh8 41. Nf5 Ncd4 42. Nd6+ Kf8 43. Ke3 Nc2+ 44. Kd2 Ncd4 45. Rg6 Nxf3+ 46. Ke3 Nfd4 47. Rxf6+ Kg7 48. Nf5+ Kh7 49. Nxd4 Nxd4 50. Rf7+ Kg6 51. Rxa7 Rf8 52. Nxb6 Rf3+ 53. Kd2 Rh3 54. Nd7 Rh2+ 55. Ke1 Rxh4 56. Nxe5+ Kf6 57. Nd3 Rh1+ 58. Kd2 h4 59. e5+ Kf5 60. Rf7+ Ke6 61. Rf6+ Ke7 62. Rh6 Rh2+ 63. Ke1 Nf3+ 64. Kf1 Rxa2 65. Nf2 Rb2 66. Kg2 Nxe5 67. Rxh4 Rxb3 68. Ne4 Rb2+ 69. Kg3 Nd3 70. Rh7+ Ke6 71. Rh5 Rc2 72. Nxc5+ Nxc5 73. Rxc5 Kd6 74. Rd5+ Kc6 75. Rd4 Kc5 76. Rh4 Rxc4 77. Rxc4+ Kxc4 1/2-1/2


[Site "https://www.chess.com"]

[Event "Titled Tuesday Blitz August 16 Early 2022"]
[White "Santos Ruiz, Miguel"]
[Black "Janaszak, Dawid"]
[WhiteFideId "22291482"]
[BlackFideId "1119206"]
[WhiteElo "2478"]
[BlackElo "2165"]
[Result "1-0"]
[Round "06"]
[TimeControl "180+1"]
[Date "2022.08.16"]
[WhiteClock "0:00:45"]
[BlackClock "0:00:04"]

1. c4 e6 2. Nc3 d5 3. d4 Nf6 4. cxd5 Nxd5 5. e4 Nxc3 6. bxc3 c5 7. Nf3 cxd4 8. cxd4 Bb4+ 9. Bd2 Bxd2+ 10. Qxd2 O-O 11. Bc4 b6 12. O-O Bb7 13. Rfe1 Nd7 14. Rad1 Rc8 15. Bb3 Qc7 16. Re3 Nf6 17. Qe1 Rfd8 18. h3 h6 19. d5 exd5 20. e5 Ne4 21. Nd4 Re8 22. f3 Qxe5 23. fxe4 dxe4 24. Ne2 Qc5 25. Qf2 Rf8 26. Ng3 Qe5 27. Rd7 Rc7 28. Bxf7+ Kh8 29. Bg6 Rcc8 30. Qd2 Bc6 31. Rxa7 Rcd8 32. Qc3 Qxc3 33. Rxc3 Bd5 34. Bxe4 Be6 35. Bf3 Rd2 36. a3 Rfd8 37. Rcc7 g5 38. Rh7+ Kg8 39. Rxh6 g4 40. hxg4 Bf7 41. g5 1-0


[Site "https://www.chess.com"]

[Event "Titled Tuesday Blitz August 16 Early 2022"]
[White "Sarana, Alexey"]
[Black "Babazada, Khazar"]
[WhiteFideId "24133795"]
[BlackFideId "13413554"]
[WhiteElo "2666"]
[BlackElo "2409"]
[Result "0-1"]
[Round "06"]
[TimeControl "180+1"]
[Date "2022.08.16"]
[WhiteClock "0:00:04"]
[BlackClock "0:00:06"]

1. c4 c5 2. Nf3 g6 3. d4 cxd4 4. Nxd4 Bg7 5. Nc3 Nf6 6. e4 O-O 7. Be2 Nc6 8. Be3 d6 9. O-O Nxd4 10. Bxd4 Be6 11. f4 Qa5 12. f5 Bd7 13. Kh1 Rac8 14. a3 a6 15. b4 Qd8 16. Rc1 Bc6 17. Nd5 Bxd5 18. exd5 b5 19. cxb5 Rxc1 20. Qxc1 axb5 21. Bxb5 Nxd5 22. Bxg7 Kxg7 23. Bc6 Nf6 24. a4 d5 25. a5 d4 26. Qc5 d3 27. Rd1 Qc7 28. a6 Qf4 29. Bf3 Rd8 30. fxg6 hxg6 31. Qc3 Rh8 32. Kg1 Qe3+ 33. Kh1 Qf4 34. Kg1 Qxh2+ 35. Kf2 Qh4+ 36. Kf1 Qg3 37. Rxd3 Rh1+ 38. Ke2 Kh7 39. a7 Ng4 40. Rd8 Qf2+ 41. Kd3 Qe3+ 42. Kc4 Ne5+ 43. Qxe5 Qxe5 44. a8=Q Rc1+ 45. Kb3 Qc3+ 46. Ka4 Ra1+ 47. Kb5 Rxa8 48. Rxa8 e5 49. Ra7 Qd3+ 50. Ka4 e4 51. Rxf7+ Kg8 52. Rf4 exf3 53. Rxf3 Qc2+ 54. Ka5 Qxg2 55. Rb3 Qa8+ 56. Kb6 Qb8+ 57. Kc5 g5 58. b5 Qc7+ 59. Kb4 g4 60. Rc3 Qd6+ 61. Ka5 g3 62. Rc2 Qa3+ 63. Kb6 Qe3+ 64. Ka6 Qd3 65. Rg2 Qa3+ 66. Kb6 Qf3 67. Ra2 g2 68. Ra1 Qe3+ 0-1


[Site "https://www.chess.com"]

[Event "Titled Tuesday Blitz August 16 Early 2022"]
[White "Schekachikhin, Maksim"]
[Black "Wagner, Dennis"]
[WhiteFideId "24177830"]
[BlackFideId "24650684"]
[WhiteElo "2376"]
[BlackElo "2570"]
[Result "0-1"]
[Round "06"]
[TimeControl "180+2"]
[Date "2022.08.18"]
[WhiteClock "0:00:00"]
[BlackClock "0:00:00"]

1. d4 Nf6 2. c4 e6 3. Nc3 Bb4 4. e3 O-O 5. Bd3 c5 6. Nf3 d5 7. cxd5 exd5 8. dxc5 Nbd7 9. O-O Nxc5 10. Ne2 Nxd3 11. Qxd3 Qe7 12. a3 Bd6 13. b4 Be6 14. Bb2 Ne4 15. Rac1 a5 16. b5 Nc5 17. Qd4 f6 18. Qh4 Nd3 19. Rc2 Nxb2 20. Rxb2 Bxa3 21. Rc2 Bd6 22. Ned4 a4 23. Nxe6 Qxe6 24. Nd4 Qe4 25. Qxe4 dxe4 26. Ra1 a3 27. Kf1 Rfc8 28. Ke2 Rxc2+ 29. Nxc2 a2 30. Kd2 Be5 31. Nd4 Bxd4 32. exd4 Kf7 33. Kc3 Ke6 34. Kc4 Kd6 35. g3 Ra4+ 36. Kb3 Ra5 37. Kb4 b6 38. Kc4 g5 39. g4 Ke6 40. h3 Kd6 41. d5 Ke5 42. d6 Kxd6 43. Kd4 Ra4+ 0-1


[Site "https://www.chess.com"]

[Event "Titled Tuesday Blitz August 16 Early 2022"]
[White "Schmakel, Sam"]
[Black "Barp, Alberto"]
[WhiteFideId "2039311"]
[BlackFideId "872555"]
[WhiteElo "2356"]
[BlackElo "2229"]
[Result "1-0"]
[Round "06"]
[TimeControl "180+1"]
[Date "2022.08.16"]
[WhiteClock "0:01:37"]
[BlackClock "0:01:45"]

1. d4 d5 2. c4 e6 3. Nf3 c6 4. Nc3 dxc4 5. e3 b5 6. a4 Bb4 7. Bd2 a5 8. axb5 Bxc3 9. Bxc3 cxb5 10. b3 Bb7 11. bxc4 b4 12. Bb2 Nf6 13. Bd3 O-O 14. O-O Nbd7 15. Nd2 Qc7 16. Bc2 e5 17. d5 Nc5 18. f4 Nfd7 19. Qh5 g6 20. Qh6 Rae8 21. Rf3 f6 22. Bxg6 Re7 23. Rg3 Kh8 24. Bf5 Rff7 25. Rf1 Qd8 26. fxe5 Nxe5 27. Be6 Nxe6 28. Rxf6 1-0


[Site "https://www.chess.com"]

[Event "Titled Tuesday Blitz August 16 Early 2022"]
[White "Senthil Maran K"]
[Black "Salman, Pavel"]
[WhiteFideId "25035681"]
[BlackFideId "24153753"]
[WhiteElo "2209"]
[BlackElo "2287"]
[Result "1-0"]
[Round "06"]
[TimeControl "180+2"]
[Date "2022.08.18"]
[WhiteClock "0:00:00"]
[BlackClock "0:00:00"]

1. g3 Nf6 2. Bg2 c5 3. c4 e6 4. Nf3 Be7 5. O-O b6 6. d4 Bb7 7. Nc3 cxd4 8. Qxd4 d6 9. b3 a6 10. Ba3 Ra7 11. Rfd1 Ba8 12. Na4 O-O 13. Qxb6 Qxb6 14. Nxb6 Bxf3 15. Bxf3 Rd8 16. Rd2 d5 17. Bxe7 Rxe7 18. cxd5 exd5 19. Rad1 h6 20. Nxd5 Nxd5 21. Rxd5 Rxd5 22. Rxd5 Nc6 23. Rd6 Nb4 24. a3 Nc2 25. Rxa6 Nd4 26. Rb6 Rc7 27. a4 Rc1+ 28. Kg2 Ra1 29. h4 g5 30. h5 Kg7 31. g4 Ra3 32. Bd5 Nxe2 33. Kf3 Nf4 34. Bc4 Ra2 35. Rb7 Kf6 36. Ke4 Ne6 37. Bxe6 Kxe6 38. Rb6+ Ke7 39. f3 Re2+ 40. Kd3 Rf2 41. Ke3 Rb2 42. a5 f6 43. a6 Ra2 44. b4 Ra3+ 45. Ke4 Ra4 46. Kf5 Kf7 47. Rb7+ Ke8 48. b5 Rf4+ 49. Kg6 1-0


[Site "https://www.chess.com"]

[Event "Titled Tuesday Blitz August 16 Early 2022"]
[White "Sharapov, Evgeny"]
[Black "Volkov, Maksim"]
[WhiteFideId "14103133"]
[BlackFideId "54123070"]
[WhiteElo "2375"]
[BlackElo "2246"]
[Result "1-0"]
[Round "06"]
[TimeControl "180+2"]
[Date "2022.08.18"]
[WhiteClock "0:00:00"]
[BlackClock "0:00:00"]

1. e4 c5 2. Nf3 d6 3. d4 cxd4 4. Nxd4 Nf6 5. f3 a6 6. c4 Qc7 7. Nc3 e6 8. Be3 b6 9. Be2 Bb7 10. O-O Be7 11. Qd2 Nbd7 12. Rfc1 O-O 13. Rab1 Rac8 14. b4 Rfe8 15. Nb3 Ne5 16. Na4 Nfd7 17. c5 b5 18. cxd6 Qxd6 19. Qxd6 Bxd6 20. Nac5 Nxc5 21. Nxc5 Bxc5 22. Rxc5 Nd7 23. Rxc8 Rxc8 24. Rc1 Rxc1+ 25. Bxc1 f5 26. exf5 exf5 27. Kf2 Bd5 28. a3 Kf7 29. Ke3 Ke6 30. Kd4 h6 31. Bd3 Bc6 32. Bc2 g5 33. Bb3+ Kd6 34. h4 f4 35. hxg5 hxg5 36. Bb2 Ne5 37. Bc3 g4 38. fxg4 Bxg2 39. Bd2 f3 40. Be1 Nxg4 41. Bg3+ Kd7 42. Bd5 Nh2 43. Bxh2 Kc8 44. Bg3 Kd7 45. Ke3 Bh3 46. Bxf3 Kc8 47. Kd4 Be6 48. Kc5 1-0


[Site "https://www.chess.com"]

[Event "Titled Tuesday Blitz August 16 Early 2022"]
[White "Shohat, Yotam"]
[Black "Yurasova, Daria"]
[WhiteFideId "2813955"]
[BlackFideId "34146919"]
[WhiteElo "2307"]
[BlackElo "2066"]
[Result "1-0"]
[Round "06"]
[TimeControl "180+2"]
[Date "2022.08.18"]
[WhiteClock "0:00:00"]
[BlackClock "0:00:00"]

1. e4 e5 2. Nf3 Nc6 3. Bb5 a6 4. Bxc6 dxc6 5. O-O Bg4 6. h3 h5 7. d3 Qf6 8. Nbd2 g5 9. Nc4 Bxf3 10. Qxf3 Qxf3 11. gxf3 f6 12. h4 gxh4 13. f4 Bd6 14. fxe5 fxe5 15. f4 exf4 16. Nxd6+ cxd6 17. Bxf4 O-O-O 18. Bg5 Re8 19. Rf7 Nh6 20. Bxh6 Rxh6 21. Kh2 d5 22. Rg1 dxe4 23. Rgg7 exd3 24. Rc7+ Kb8 25. Rxb7+ Ka8 26. cxd3 Rd6 27. Ra7+ Kb8 28. Rgb7+ Kc8 29. Rh7 Rxd3 30. Ra8# 1-0


[Site "https://www.chess.com"]

[Event "Titled Tuesday Blitz August 16 Early 2022"]
[White "Shuvalova, Polina"]
[Black "Sargissyan, Sargis"]
[WhiteFideId "24171760"]
[BlackFideId "13303210"]
[WhiteElo "2510"]
[BlackElo "2209"]
[Result "1-0"]
[Round "06"]
[TimeControl "180+2"]
[Date "2022.08.18"]
[WhiteClock "0:00:00"]
[BlackClock "0:00:00"]

1. Nf3 Nf6 2. c4 g6 3. b3 Bg7 4. Bb2 O-O 5. g3 c5 6. Bg2 Nc6 7. O-O d5 8. cxd5 Nxd5 9. Bxg7 Kxg7 10. d4 Ndb4 11. a3 Na6 12. d5 Na5 13. b4 Nc4 14. bxc5 Kg8 15. Qd4 Na5 16. Nbd2 Bg4 17. Qxg4 1-0


[Site "https://www.chess.com"]

[Event "Titled Tuesday Blitz August 16 Early 2022"]
[White "Skliarov, Viktor"]
[Black "Papayan, Oleg"]
[WhiteFideId "14106736"]
[BlackFideId "4193911"]
[WhiteElo "2384"]
[BlackElo "2246"]
[Result "1-0"]
[Round "06"]
[TimeControl "180+2"]
[Date "2022.08.18"]
[WhiteClock "0:00:00"]
[BlackClock "0:00:00"]

1. e4 e5 2. Nc3 Nf6 3. Bc4 Nxe4 4. Qh5 Nd6 5. Bb3 Be7 6. Qxe5 O-O 7. Nge2 Nc6 8. Qf4 Bg5 9. Qf3 a5 10. h4 Bf6 11. Nd5 Be5 12. c3 a4 13. Bc2 f5 14. d4 Bf6 15. Nxf6+ Qxf6 16. Bg5 Qf7 17. h5 Nc4 18. h6 g6 19. Rb1 d5 20. O-O Nd6 21. Rbe1 Ne4 22. Bc1 Ne7 23. Nf4 c6 24. Nd3 Be6 25. Ne5 Qf6 26. Qd3 g5 27. Qh3 Ng6 28. Nxg6 Qxg6 29. f3 Nd6 30. Re5 1-0


[Site "https://www.chess.com"]

[Event "Titled Tuesday Blitz August 16 Early 2022"]
[White "So, Wesley"]
[Black "Bilych, Olexiy"]
[WhiteFideId "5202213"]
[BlackFideId "14156504"]
[WhiteElo "2763"]
[BlackElo "2157"]
[Result "1-0"]
[Round "06"]
[TimeControl "180+1"]
[Date "2022.08.16"]
[WhiteClock "0:00:25"]
[BlackClock "0:00:04"]

1. b3 e5 2. Bb2 Nc6 3. e3 Nf6 4. Nf3 e4 5. Nd4 Nxd4 6. Bxd4 Be7 7. c4 b6 8. Nc3 Bb7 9. Qc2 c5 10. Be5 d6 11. Bg3 O-O 12. Rd1 d5 13. cxd5 Nxd5 14. Nxe4 f5 15. Nc3 Nb4 16. Qb1 Kh8 17. a3 Nd5 18. Nxd5 Bxd5 19. f3 Bh4 20. Be2 f4 21. Bf2 Bxf2+ 22. Kxf2 Qh4+ 23. g3 Qf6 24. exf4 Qd4+ 25. Kg2 g5 26. Qa1 Rae8 27. Qxd4+ cxd4 28. Bb5 Rc8 29. Rc1 gxf4 30. Bc4 Bb7 31. g4 h5 32. h3 Kg7 33. Kf2 Kg6 34. Be6 Rce8 35. Bf5+ Kf6 36. Bd3 h4 37. Rc7 Bd5 38. b4 Rf7 39. Rhc1 Rxc7 40. Rxc7 Re7 41. g5+ Kf7 42. g6+ Kf6 43. Rc8 Be6 44. Rh8 Kg5 45. Rh7 Re8 46. g7 Rg8 47. Be4 a5 48. bxa5 bxa5 49. a4 Kf6 50. Rh6+ Kf7 51. Rxh4 Rxg7 52. Rxf4+ Ke7 53. h4 Kd6 54. h5 Ke5 55. h6 Kxf4 56. hxg7 Ke5 57. Bh7 1-0


[Site "https://www.chess.com"]

[Event "Titled Tuesday Blitz August 16 Early 2022"]
[White "Sourath Biswas"]
[Black "Shashikant, Kutwal"]
[WhiteFideId "35091484"]
[BlackFideId "5006520"]
[WhiteElo "1777"]
[BlackElo "2321"]
[Result "0-1"]
[Round "06"]
[TimeControl "180+2"]
[Date "2022.08.18"]
[WhiteClock "0:00:00"]
[BlackClock "0:00:00"]

1. d4 d5 2. Bf4 Nf6 3. e3 c5 4. Nf3 Nc6 5. Nbd2 Qb6 6. dxc5 Qxb2 7. Rb1 Qc3 8. Bb5 g6 9. e4 a6 10. Be5 Qxc5 11. Bd4 Qa3 12. Rb3 Qxa2 13. Bxc6+ bxc6 14. Qc1 Qa5 15. Bb6 Qa4 16. Qb2 Bg7 17. Ra3 Qb5 18. Rb3 Qa4 19. O-O dxe4 20. Rb4 Qxb4 21. Qxb4 exf3 22. Nxf3 O-O 23. Bd4 a5 24. Qa4 Ba6 25. Re1 Bb5 26. Qa3 e6 27. Ne5 Nd5 28. Bc5 Bxe5 29. Rxe5 Rfd8 30. h4 Nb4 31. c3 Nd3 32. Re3 Nxc5 33. Qxc5 a4 34. c4 Rd1+ 35. Kh2 Rc1 36. Re4 a3 37. Qe3 a2 38. Qxc1 a1=Q 39. Qxa1 Rxa1 40. cxb5 cxb5 41. Rb4 Ra5 42. Kg3 Kf8 43. f4 Ke7 44. Kg4 h6 45. g3 f5+ 46. Kh3 Kd6 47. Rd4+ Kc5 48. Rd7 b4 49. Rg7 b3 50. Rc7+ Kb4 51. h5 gxh5 52. Kh4 b2 0-1


[Site "https://www.chess.com"]

[Event "Titled Tuesday Blitz August 16 Early 2022"]
[White "Subelj, Jan"]
[Black "Kamsky, Gata"]
[WhiteFideId "14618583"]
[BlackFideId "2000024"]
[WhiteElo "2331"]
[BlackElo "2666"]
[Result "1/2-1/2"]
[Round "06"]
[TimeControl "180+1"]
[Date "2022.08.16"]
[WhiteClock "0:00:10"]
[BlackClock "0:00:11"]

1. Nf3 Nf6 2. g3 g6 3. Bg2 Bg7 4. O-O O-O 5. c4 c6 6. Nc3 d5 7. cxd5 cxd5 8. d4 e6 9. Bf4 Nc6 10. Ne5 Bd7 11. Rc1 Qe7 12. Nxd7 Qxd7 13. e3 Rfc8 14. g4 Ne8 15. h4 Nd6 16. Qe2 Ne7 17. Rc2 Rc6 18. Rfc1 Rac8 19. h5 a6 20. h6 Bf8 21. g5 b5 22. Nb1 Rxc2 23. Rxc2 Rxc2 24. Qxc2 Nef5 25. Nd2 Qc8 26. Qb1 Be7 27. Nf3 f6 28. gxf6 Bxf6 29. b3 Nf7 30. e4 dxe4 31. Qxe4 N5xh6 32. d5 exd5 33. Qxd5 Nf5 34. a4 bxa4 35. bxa4 Kg7 36. a5 Qc3 37. Bd2 Qa1+ 38. Kh2 Qb2 39. Qd3 Ne5 40. Nxe5 Bxe5+ 41. f4 Bd4 42. Be1 Qc1 43. Qe4 Qe3 44. Qxe3 Bxe3 45. Bg3 Bd2 46. Bb7 Bxa5 47. Bxa6 Bc7 48. Bd3 Kf6 49. Kh3 h5 50. Bh2 Bd6 51. Kg2 Nd4 52. Kg3 Ne6 53. Kf3 Nd4+ 54. Ke4 Nf5 55. Bg1 Kg7 56. Kf3 Be7 57. Bb6 Bf6 58. Bc5 Kf7 59. Bc4+ Kg7 60. Bd3 Bd4 61. Bxf5 Bxc5 62. Bd3 Kf6 63. Be4 Bd6 64. Bd3 Bc7 65. Be4 g5 66. fxg5+ Kxg5 67. Kg2 h4 68. Ba8 Kg4 69. Kh1 h3 70. Bg2 hxg2+ 71. Kxg2 1/2-1/2


[Site "https://www.chess.com"]

[Event "Titled Tuesday Blitz August 16 Early 2022"]
[White "Suder, Jakub"]
[Black "Timofeev, Artyom"]
[WhiteFideId "1195310"]
[BlackFideId "4140419"]
[WhiteElo "2095"]
[BlackElo "2578"]
[Result "0-1"]
[Round "06"]
[TimeControl "180+1"]
[Date "2022.08.16"]
[WhiteClock "0:00:02"]
[BlackClock "0:00:08"]

1. d4 Nf6 2. c4 g6 3. Nc3 d5 4. cxd5 Nxd5 5. e4 Nb6 6. Be3 Bg7 7. h4 Nc6 8. Bb5 Bd7 9. d5 Ne5 10. Bxd7+ Qxd7 11. Bd4 O-O 12. Nge2 c6 13. dxc6 Qxc6 14. f4 Ng4 15. Bxg7 Kxg7 16. Qd4+ e5 17. fxe5 Rad8 18. Nd5 Qe6 19. Nef4 Qxe5 20. Qxe5+ Nxe5 21. Nxb6 axb6 22. Ke2 Rd4 23. Ke3 Rfd8 24. Nd5 Rd3+ 25. Kf4 f6 26. Rhd1 Kf7 27. Rxd3 Nxd3+ 28. Ke3 Nxb2 29. Rb1 Nc4+ 30. Kd4 Ne5 31. Rxb6 Nc6+ 32. Kc5 Rd7 33. a4 Ke6 34. a5 Ke5 35. a6 bxa6 36. Rxc6 f5 37. Nb6 Rd8 38. exf5 Kxf5 39. Rd6 Rxd6 40. Kxd6 Kg4 41. Nd5 Kxh4 42. Nf6 h5 43. Ne4 Kg4 44. Kc5 Kf4 45. Nd2 Kg3 46. Kb6 Kxg2 47. Kxa6 h4 48. Nc4 h3 49. Ne3+ Kf2 50. Ng4+ Kg3 51. Ne3 h2 0-1


[Site "https://www.chess.com"]

[Event "Titled Tuesday Blitz August 16 Early 2022"]
[White "Taboas Rodriguez, Daniel"]
[Black "Arslanov, Shamil"]
[WhiteFideId "2208466"]
[BlackFideId "4192826"]
[WhiteElo "2359"]
[BlackElo "2410"]
[Result "0-1"]
[Round "06"]
[TimeControl "180+2"]
[Date "2022.08.18"]
[WhiteClock "0:00:00"]
[BlackClock "0:00:00"]

1. d4 Nf6 2. Nf3 c5 3. d5 e6 4. c4 b5 5. Bg5 exd5 6. cxd5 d6 7. e4 a6 8. Nbd2 Be7 9. Bf4 O-O 10. a4 Re8 11. axb5 Bf8 12. Bd3 Nxd5 13. Bg5 Be7 14. O-O Bxg5 15. exd5 Bg4 16. bxa6 Bxd2 17. Qxd2 Bxf3 18. gxf3 Nd7 19. Qf4 Ne5 20. Bb5 Rf8 21. Kh1 Qb6 22. Qa4 Ra7 23. f4 Ng6 24. Rg1 Rb8 25. Bf1 Qxb2 26. f5 Ne5 27. f6 g6 28. Qf4 Nd7 29. Bh3 Nxf6 30. Qxd6 Ne4 31. Rab1 Nxd6 32. Rxb2 Rxb2 33. Ra1 Rb6 0-1


[Site "https://www.chess.com"]

[Event "Titled Tuesday Blitz August 16 Early 2022"]
[White "Tarasova, Viktoriya"]
[Black "Cramling Bellon, Anna"]
[WhiteFideId "4175840"]
[BlackFideId "32009232"]
[WhiteElo "2226"]
[BlackElo "2065"]
[Result "1-0"]
[Round "06"]
[TimeControl "180+2"]
[Date "2022.08.18"]
[WhiteClock "0:00:00"]
[BlackClock "0:00:00"]

1. d4 Nf6 2. c4 e6 3. Nc3 d5 4. cxd5 exd5 5. Bg5 c6 6. e3 Be7 7. Bd3 O-O 8. Nge2 h6 9. Bh4 Bg4 10. f3 Bh5 11. Qc2 Nbd7 12. O-O-O c5 13. g4 c4 14. Bf5 Bg6 15. Bxg6 fxg6 16. Qxg6 b5 17. Nf4 Rf7 18. Nce2 Nf8 19. Qc2 b4 20. Kb1 Rb8 21. Bg3 b3 22. axb3 cxb3 23. Qd2 Bb4 24. Qd3 Qa5 25. Qxb3 Ba3 26. Qxb8 Nd7 27. Qb3 Bb4 28. Nxd5 Bc3 29. Nexc3 1-0


[Site "https://www.chess.com"]

[Event "Titled Tuesday Blitz August 16 Early 2022"]
[White "Terry, Renato"]
[Black "Kezin, Roman"]
[WhiteFideId "3803457"]
[BlackFideId "24124621"]
[WhiteElo "2577"]
[BlackElo "2551"]
[Result "1-0"]
[Round "06"]
[TimeControl "180+1"]
[Date "2022.08.16"]
[WhiteClock "0:00:05"]
[BlackClock "0:00:01"]

1. d4 Nc6 2. Nf3 d5 3. Bf4 Bf5 4. e3 e6 5. Bd3 Bg6 6. O-O Bd6 7. Bg5 f6 8. Bh4 Nge7 9. c4 Nf5 10. Nc3 Nxh4 11. Nxh4 Bxd3 12. Qxd3 dxc4 13. Qxc4 Qd7 14. Nf3 O-O-O 15. Rac1 Kb8 16. Ne4 Rhe8 17. Rfd1 Bf8 18. Nc3 Nb4 19. a3 Nd5 20. Ne4 Nb6 21. Qc2 c6 22. Nc5 Qd5 23. a4 Nd7 24. Ne4 Qa5 25. Nfd2 Nb6 26. b3 Ba3 27. Rb1 Bb4 28. Nc4 Qd5 29. Ng3 h5 30. Ne2 g5 31. Rdc1 h4 32. h3 Qf5 33. Kf1 Qxc2 34. Rxc2 Nd5 35. Nb2 Bf8 36. Nd3 Nb4 37. Nxb4 Bxb4 38. Rc4 a5 39. Rd1 Kc7 40. Rcc1 Ba3 41. Ra1 Bb4 42. Ng1 Kd6 43. Nf3 Ke7 44. Ke2 Kf7 45. Rac1 Kg6 46. Rg1 Rd5 47. g3 hxg3 48. Rxg3 Kf7 49. h4 gxh4 50. Nxh4 Rh8 51. Nf3 Bf8 52. Rcg1 Rdh5 53. Kd3 Rh1 54. Ke4 Rxg1 55. Rxg1 Rh5 56. Kd3 Bb4 57. Ke2 Rh8 58. Rc1 Rh5 59. Rg1 Rh6 60. Rf1 Rh5 61. Rb1 Rh6 62. Rc1 Rh5 63. e4 Rh6 64. Rd1 Rh8 65. Rg1 Rh7 66. e5 Rh8 67. Rg4 f5 68. Ng5+ Ke7 69. Rg2 Rg8 70. f4 Rd8 71. Nf3 1-0


[Site "https://www.chess.com"]

[Event "Titled Tuesday Blitz August 16 Early 2022"]
[White "Tifferet, Shaked"]
[Black "Zheenbekov, Nurgazy"]
[WhiteFideId "2811529"]
[BlackFideId "13800485"]
[WhiteElo "2214"]
[BlackElo "2075"]
[Result "1-0"]
[Round "06"]
[TimeControl "180+2"]
[Date "2022.08.18"]
[WhiteClock "0:00:00"]
[BlackClock "0:00:00"]

1. e4 e5 2. Bc4 Nf6 3. d3 Nc6 4. Nc3 Bc5 5. a3 h6 6. Be3 d6 7. h3 O-O 8. Nf3 Nd4 9. Bxd4 exd4 10. Ne2 d5 11. exd5 Nxd5 12. Qd2 Re8 13. O-O Nf6 14. Ng3 Bd6 15. Rae1 c5 16. Rxe8+ Qxe8 17. Re1 Qd8 18. c3 dxc3 19. bxc3 Bd7 20. Qa2 Qf8 21. Nd2 Re8 22. Nde4 Be7 23. Re3 b5 24. Bb3 a5 25. Qe2 Nxe4 26. Nxe4 a4 27. Bd5 b4 28. cxb4 cxb4 29. Rf3 Be6 30. Bxe6 1-0


[Site "https://www.chess.com"]

[Event "Titled Tuesday Blitz August 16 Early 2022"]
[White "Turzo, Attila"]
[Black "Agasarov, Benik"]
[WhiteFideId "704954"]
[BlackFideId "13314823"]
[WhiteElo "2298"]
[BlackElo "2152"]
[Result "1-0"]
[Round "06"]
[TimeControl "180+2"]
[Date "2022.08.18"]
[WhiteClock "0:00:00"]
[BlackClock "0:00:00"]

1. e4 e5 2. Nf3 Nf6 3. d4 Nxe4 4. Bd3 d5 5. Nxe5 Nd7 6. Nxd7 Bxd7 7. O-O Bd6 8. c4 O-O 9. cxd5 Bf5 10. Nc3 Qh4 11. g3 Nxg3 12. fxg3 Qxd4+ 13. Kg2 Qxd3 14. Qxd3 Bxd3 15. Rf3 Bg6 16. Bf4 Rfe8 17. Bxd6 cxd6 18. Kf2 Rac8 19. Re3 Rxe3 20. Kxe3 a6 21. a4 Kf8 22. Ra3 Re8+ 23. Kd4 Re7 24. Rb3 Ke8 25. Rb6 Rd7 26. b4 Kd8 27. b5 a5 28. Rc6 bxc6 29. dxc6 Re7 30. b6 Kc8 31. Nb5 Re4+ 32. Kd5 Re5+ 33. Kxd6 Rxb5 34. axb5 a4 35. g4 a3 36. b7+ Kb8 37. Kd7 a2 38. c7+ Kxb7 39. c8=Q+ Kb6 40. Qa6+ Kc5 41. b6 a1=Q 42. Qxa1 Kxb6 43. Qxg7 Kc5 44. Qf6 Kd5 45. h4 h5 46. gxh5 Be4 47. h6 Bd3 48. Qxf7+ Ke5 49. h7 Bxh7 50. Qxh7 Kf6 51. Qg8 Kf5 52. Qg1 Kf6 53. h5 Kf7 54. h6 Kf6 55. h7 Kf7 56. Qg8+ Kf6 57. h8=Q+ Kf5 58. Qe6+ Kf4 59. Qf8+ Kg3 60. Qeg8+ Kh2 61. Qh6# 1-0


[Site "https://www.chess.com"]

[Event "Titled Tuesday Blitz August 16 Early 2022"]
[White "Vachylia, Andrii"]
[Black "Grandelius, Nils"]
[WhiteFideId "14137224"]
[BlackFideId "1710400"]
[WhiteElo "2318"]
[BlackElo "2617"]
[Result "1-0"]
[Round "06"]
[TimeControl "180+1"]
[Date "2022.08.16"]
[WhiteClock "0:00:35"]
[BlackClock "0:00:17"]

1. e4 c5 2. Nf3 e6 3. d4 cxd4 4. Nxd4 Nc6 5. c4 Nf6 6. Nxc6 bxc6 7. Bd3 e5 8. O-O Bc5 9. Qe2 O-O 10. Kh1 Re8 11. Nc3 Bb7 12. f4 Bd4 13. f5 h6 14. Bd2 d5 15. cxd5 cxd5 16. exd5 e4 17. Bc4 Nxd5 18. Rad1 Bxc3 19. Bxc3 Nxc3 20. Bxf7+ Kxf7 21. Qh5+ Kf8 22. Rxd8 Raxd8 23. f6 Bd5 24. bxc3 e3 25. Qg6 gxf6 26. Rxf6+ Ke7 27. Qg7+ 1-0


[Site "https://www.chess.com"]

[Event "Titled Tuesday Blitz August 16 Early 2022"]
[White "Veiga, Jose Francisco R P Neves"]
[Black "Tasev, Dejan"]
[WhiteFideId "1930087"]
[BlackFideId "936618"]
[WhiteElo "2273"]
[BlackElo "2253"]
[Result "1/2-1/2"]
[Round "06"]
[TimeControl "180+2"]
[Date "2022.08.18"]
[WhiteClock "0:00:00"]
[BlackClock "0:00:00"]

1. e4 c6 2. Nc3 d5 3. Nf3 Bg4 4. h3 Bxf3 5. Qxf3 e6 6. d4 Nf6 7. Be2 Be7 8. O-O dxe4 9. Nxe4 Nbd7 10. c4 O-O 11. Bf4 Nxe4 12. Qxe4 Nf6 13. Qe3 Qa5 14. Rfd1 Rfd8 15. a3 Rd7 16. b4 Qd8 17. Bf3 Rc8 18. Rd2 b5 19. Rc1 a5 20. Rdc2 bxc4 21. Rxc4 axb4 22. axb4 Nd5 23. Bxd5 Rxd5 24. Be5 Qd7 25. Qc3 f6 26. Bf4 Kf7 27. Be3 Rb5 28. Rxc6 Rxc6 29. Qxc6 Qxc6 30. Rxc6 Rxb4 31. Kf1 Rb2 32. g4 g6 33. Kg2 Rb5 34. Kf3 Rd5 35. Ke4 f5+ 36. Kd3 Rd7 37. Kc4 Bf6 38. f3 h5 39. gxh5 gxh5 40. Rc5 Be7 41. Rc6 Bf6 42. Rc5 Ra7 43. d5 Ra3 44. Rc7+ Kg6 45. Bc5 exd5+ 46. Kxd5 Rxf3 47. Rc6 Kg5 48. h4+ Kxh4 49. Rxf6 Kg5 50. Be7 h4 51. Rf8+ Kg4 52. Rg8+ Kh3 53. Ke5 Re3+ 54. Kd6 Re4 55. Bf6 f4 56. Kd5 Ra4 57. Bd4 f3 58. Rf8 Kg2 59. Rg8+ Kh3 60. Rf8 Kg2 61. Rg8+ Kh3 1/2-1/2


[Site "https://www.chess.com"]

[Event "Titled Tuesday Blitz August 16 Early 2022"]
[White "Vidonyak, Roman"]
[Black "Kovacevic, Radmila"]
[WhiteFideId "14100622"]
[BlackFideId "933171"]
[WhiteElo "2442"]
[BlackElo "2113"]
[Result "1/2-1/2"]
[Round "06"]
[TimeControl "180+2"]
[Date "2022.08.18"]
[WhiteClock "0:00:00"]
[BlackClock "0:00:00"]

1. d4 e5 2. dxe5 Nc6 3. e3 Nxe5 4. Nh3 d5 5. Nf4 Nf6 6. Nc3 c6 7. Be2 Bf5 8. O-O Bd6 9. b3 g5 10. Nd3 Neg4 11. g3 h5 12. f3 Nxh2 13. Kxh2 h4 14. f4 hxg3+ 15. Kxg3 Ne4+ 16. Nxe4 dxe4 17. Ne5 gxf4+ 18. Kxf4 Qf6 19. Bb2 Bh7+ 20. Kg3 Rg8+ 21. Bg4 Bxe5+ 22. Bxe5 Qxe5+ 23. Kg2 f5 24. Rf4 Rxg4+ 25. Rxg4 fxg4 26. Qxg4 Qxa1 27. Qh5+ Kd8 28. Qxh7 Qf6 29. Qg8+ Kc7 30. Qxa8 Qf3+ 31. Kh2 Qxe3 32. Qf8 Qf3 33. Qe7+ Kb6 34. Qb4+ Kc7 35. Qe7+ Kb6 36. Qb4+ Ka6 37. Qa4+ Kb6 38. Qb4+ 1/2-1/2


[Site "https://www.chess.com"]